 Dungeon Crawl Stone Soup version 0.29-a0-234-g0dae59b3db (webtiles) character file.

Game seed: 312751634846063224

16005 siradein the Fighter (level 12, -3/104 HPs)
             Began as a Ghoul Earth Elementalist on Mar 2, 2022.
             Was an Initiate of Gozag.
             Slain by a wolf (4 damage)
             ... on level 1 of the Lair of Beasts.
             The game lasted 00:59:17 (24264 turns).

siradein the Fighter (Ghoul Earth Elementalist)    Turns: 24264, Time: 00:59:18

Health: -3/104     AC: 17    Str: 13    XL:     12   Next: 33%
Magic:  15/15      EV: 16    Int: 11    God:    Gozag
Gold:   741        SH:  3    Dex: 16    Spells: 13/17 levels left

rFire   . . .      SeeInvis +   y - +5 dagger "Lownutaf" {vamp, rC+++ Will+ Int-3 Dex+3}
rCold   + + +      Faith    .   N - +0 buckler {rPois}
rNeg    + + +      Spirit   .   M - +4 skin of Zhor {*Englaciate rC+++ SInv}
rPois   ∞          Reflect  .   (no helmet)
rElec   .          Harm     .   L - +0 cloak
rCorr   .          Rampage  .   (no gloves)
Will    +....                   K - +0 pair of boots of Tempters {rC+ rN+ Dex+4}
Stlth   ++........              (no amulet)
HPRegen 0.00/turn               m - +4 ring of protection
MPRegen 0.14/turn               C - +4 ring of protection

@: marked, inhibited regen
A: claws 1, cold resistance 1, negative energy resistance 3, inhibited
regeneration, torment resistance 2
a: Renounce Religion, Potion Petition, Call Merchant, Bribe Branch


You were on level 1 of the Lair of Beasts.
You worshipped Gozag.
Gozag was pleased with you.
You visited 3 branches of the dungeon, and saw 14 of its levels.
You also visited: Bailey.

You collected 1995 gold pieces.
You spent 1110 gold pieces at shops.
You paid 144 gold pieces to Gozag.

Inventory:

Hand Weapons
 s - a +1 rapier of venom
 t - a +1 flail of draining
 y - the +5 dagger "Lownutaf" (weapon) {vamp, rC+++ Will+ Int-3 Dex+3}
   (You took it off a kobold on level 6 of the Dungeon)

   It occasionally heals its wielder for a portion of the damage dealt when it
   wounds a living foe.
   Int:       It affects your intelligence (-3).
   Dex:       It affects your dexterity (+3).
   rC:        It renders you almost immune to cold.
   Will:      It increases your willpower.
Missiles
 a - 210 stones
 q - a throwing net
Armour
 K - the +0 pair of boots of Tempters (worn) {rC+ rN+ Dex+4}
   (You acquired it on level 10 of the Dungeon)

   Dex:       It affects your dexterity (+4).
   rC:        It protects you from cold.
   rN:        It protects you from negative energy.
 L - a +0 cloak (worn)
 M - the +4 skin of Zhor (worn) {*Englaciate rC+++ SInv}
   (You bought it in a shop on level 4 of the Dungeon)

   It radiates cold, occasionally slowing all nearby creatures who are not
   resistant to cold.
   rC:        It renders you almost immune to cold.
   SInv:      It lets you see invisible.
 N - a +0 buckler of poison resistance (worn)
Jewellery
 m - a +4 ring of protection (left claw)
 C - a +4 ring of protection (right claw)
 F - a ring of resist corrosion
 O - a +4 ring of evasion
Wands
 b - a wand of flame (32)
 v - a wand of iceblast (11)
 z - a wand of charming (3)
 E - a wand of paralysis (6)
 H - a wand of mindburst (6)
Scrolls
 d - 7 scrolls of amnesia
 e - 2 scrolls of magic mapping
 h - a scroll of silence {unknown}
 i - 2 scrolls of fog {unknown}
 o - a scroll of immolation {unknown}
 r - 3 scrolls of vulnerability {unknown}
 x - a scroll of enchant weapon {unknown}
 A - a scroll of teleportation
 J - a scroll of enchant armour {unknown}
Potions
 c - 8 potions of curing
 f - 4 potions of haste
 g - 4 potions of cancellation
 j - a potion of magic
 k - 2 potions of flight {unknown}
 l - 2 potions of might {unknown}
 n - a potion of lignification {unknown}
 p - a potion of berserk rage {unknown}
 u - 2 potions of degeneration {unknown}
 w - a potion of ambrosia {unknown}
 B - 3 potions of attraction {unknown}
 D - a potion of resistance
 G - 2 potions of mutation {unknown}
 I - a potion of brilliance {unknown}


   Skills:
 + Level 9.2 Fighting
 + Level 8.6 Maces & Flails
 + Level 8.6 Armour
 + Level 8.9 Dodging
 - Level 2.1 Stealth
 - Level 3.3 Spellcasting
 - Level 2.5 Conjurations
 - Level 0.8 Transmutations
 - Level 7.1 Earth Magic


You had 13 spell levels left.
You knew the following spells:

 Your Spells              Type           Power      Damage    Failure   Level
a - Sandblast             Erth           34%        2d9       1%          1
b - Stone Arrow           Conj/Erth      24%        3d8       14%         3

Your spell library contained the following spells:

 Spells                   Type           Power      Damage    Failure   Level
 Passwall                 Tmut/Erth      8%         N/A       10%         2
 Magic Dart               Conj           28%        1d4       12%         1
 Animate Skeleton         Necr           2%         N/A       34%         1
 Apportation              Tloc           2%         N/A       34%         1
 Pain                     Necr           4%         1d4       34%         1
 Summon Small Mammal      Summ           4%         N/A       34%         1
 Call Imp                 Summ           1%         N/A       47%         2
 Ensorcelled Hibernation  Hex/Ice        2%         N/A       47%         2
 Petrify                  Tmut/Erth      10%        N/A       54%         4
 Mephitic Cloud           Conj/Pois/Air  3%         N/A       58%         3
 Anguish                  Hex/Necr       0%         N/A       98%         4
 Agony                    Necr           1%         N/A       100%        5
 Excruciating Wounds      Necr           0%         N/A       100%        5
 Freezing Cloud           Conj/Ice/Air   1%         6-21      100%        5
 Simulacrum               Ice/Necr       0%         N/A       100%        6
 Polar Vortex             Ice            0%         N/A       100%        9
 Spider Form              Tmut/Pois      Unusable   N/A       N/A         3

Dungeon Overview and Level Annotations

Branches:
Dungeon (12/15)            Temple (1/1) D:6            Lair (1/6) D:11
    Orc (0/2) D:11         Bailey (visited)

Altars:
Dithmenos
Fedhas
Gozag
Hepliaklqana
Kikubaaqudgha
Makhleb
Okawaru
Sif Muna
Trog
Vehumet
Xom
Yredelemnul
The Shining One
Lugonu

Shops:
D:4 :([([   D:7 *

Portals:
Abyss: D:3

Annotations:
D:9 Erica
D:10 Josephine
Lair:1 Nergalle


Innate Abilities, Weirdness & Mutations

You thrive by killing the living.
You are immune to poison.
You have sharp fingernails.
Your flesh is cold resistant. (rC+)
You are immune to negative energy. (rN+++)
You do not regenerate when monsters are visible.
You are immune to unholy pain and torment.


Message History

* * * LOW HITPOINT WARNING * * *
You block the spectral orc warrior's attack.
The ice dragon bites you.
* * * LOW HITPOINT WARNING * * *
The ice dragon claws you but does no damage.
The ice dragon tramples you but does no damage.
Nergalle hits you but does no damage. The spectral orc misses you.
The spectral orc warrior completely misses you.
The spectral orc warrior closely misses you.
You hit the spectral orc warrior but do no damage.
Your surroundings suddenly seem different.
Unknown command.
You start resting.
A wolf comes into view.
A wolf is nearby!
A wolf comes into view.
The wolf moves out of view.
Your +1 rapier of venom stops dripping with poison.
You feel stupid.
You feel agile.
You feel a sense of dread.
y - the +5 dagger "Lownutaf" (weapon)
{vamp, rC+++ Will+ Int-3 Dex+3} You radiate an aura of cold.
The wolf seems to slow down.
A wolf comes into view.
You miss the wolf. The wolf bites you but does no damage.
Unknown command.
You hit the wolf.
The wolf is moderately wounded.
The wolf misses you. The wolf completely misses you.
Unknown command.
A wolf comes into view.
The wolf closely misses you. The wolf misses you.
You completely miss the wolf. The wolf bites you but does no damage.
The wolf bites you!
* * * LOW HITPOINT WARNING * * *
The wolf bites you but does no damage.
You radiate an aura of cold.
The wolf seems to slow down. x4
The wolf bites you but does no damage. The wolf bites you.
You die...
Your body crumbles into a pile of gold.

.## #.# ..# ##.# .## #..#
## ##.####### .##
##.##..#.# ..# #P..h....#
..# ##.#h....# ..#
#.##h....# ..# ##.h@#####
+.# #####....# ###
#.......## ..# #....####
..# #....# ..# ##...# ..##
##..## ###.###
...######..#.# #.....#
...........######.....####


You could see 4 wolves.

Vanquished Creatures
  2 hydras
  4 two-headed ogres
  A cyclops (D:11)
  Maurice (D:10)
  A black mamba (Lair:1)
  2 cane toads (D:11)
  Joseph (Lair:1)
  A rime drake (D:11)
  A komodo dragon (D:11)
  A troll (D:11)
  A polar bear (D:11)
  5 blink frogs
  17 yaks
  A spriggan (D:12)
  Grum (Lair:1)
  A wyvern (D:10)
  5 wraiths
  3 vampire mosquitoes
  A basilisk (D:10)
  4 wargs (D:11)
  2 water moccasins
  2 black bears
  An orc warrior (D:4)
  A sky beast (D:7)
  4 ice beasts
  4 wolves
  3 ogres
  3 centaurs
  A kobold brigand (D:6)
  3 bullfrogs
  3 gnoll sergeants
  2 scorpions
  11 killer bees
  A howler monkey (D:4)
  An electric eel (D:11)
  5 orc priests
  A hound (D:6)
  A gnoll shaman (D:5)
  Jessica (D:2)
  6 iguanas
  Terence (D:2)
  Natasha (thrice) (D:4)
  10 orc wizards
  15 gnolls
  8 adders
  A shadow imp (D:6)
  A white imp (D:6)
  3 ufetubi
  2 worms
  2 dart slugs
  45 orcs
  11 endoplasms
  4 giant cockroaches
  14 goblins
  6 hobgoblins
  9 jackals
  4 quokkas
  9 ball pythons
  17 bats
  9 frilled lizards
  20 kobolds
  10 rats
314 creatures vanquished.

Vanquished Creatures (others)
  4 fungi (Lair:1)
  7 plants
11 creatures vanquished.

Grand Total: 325 creatures vanquished

Notes
Turn   | Place    | Note
-------+----------+-------------------------------------------
     0 | D:1      | siradein the Ghoul Earth Elementalist began the quest for
                  | the Orb.
     0 | D:1      | Reached XP level 1. HP: 14/14 MP: 2/2
   224 | D:1      | Reached XP level 2. HP: 19/20 MP: 3/3
   791 | D:1      | Reached XP level 3. HP: 6/26 MP: 4/4
  1135 | D:1      | Learned a level 3 spell: Stone Arrow
  1850 | D:2      | Noticed Jessica
  1858 | D:2      | Killed Jessica
  1859 | D:2      | Reached skill level 5 in Earth Magic
  1859 | D:2      | Reached XP level 4. HP: 33/33 MP: 0/6
  2228 | D:2      | Found a faded altar of an unknown god.
  2796 | D:2      | Reached skill level 1 in Conjurations
  2900 | D:2      | Noticed Terence
  2934 | D:2      | Killed Terence
  2935 | D:2      | Reached XP level 5. HP: 34/38 MP: 0/7
  4413 | D:4      | Noticed an ogre
  4732 | D:3      | Found a large runed translucent door.
  4817 | D:3      | Found a one-way gate to the infinite horrors of the Abyss.
  5078 | D:3      | Reached XP level 6. HP: 43/45 MP: 0/9
  5327 | D:3      | Found a large runed translucent door.
  5330 | D:3      | Found a corrupted altar of Lugonu.
  5991 | D:4      | Found Tatesumo's Antique Weapon Boutique.
  6036 | D:4      | Found Fat Voco's Book Emporium.
  6197 | D:4      | Found Juig's Weapon Emporium.
  6235 | D:4      | Reached XP level 7. HP: 35/50 MP: 10/10
  6287 | D:4      | Found Deko's Armour Boutique.
  6321 | D:4      | Noticed Natasha
  6336 | D:4      | Killed Natasha
  6811 | D:4      | Bought a +3 ring mail of fire resistance for 312 gold
                  | pieces
  7121 | D:4      | Found Ykla's Armour Boutique.
  7586 | D:4      | Reached skill level 1 in Maces & Flails
  7586 | D:4      | Reached skill level 1 in Armour
  7691 | D:5      | Entered Level 5 of the Dungeon
  7909 | D:4      | Noticed Natasha
  8009 | D:5      | Reached XP level 8. HP: 26/57 MP: 11/11
  9031 | D:6      | Identified the +5 dagger "Lownutaf" {vamp, rC+++ Will+
                  | Int-3 Dex+3}
  9247 | D:6      | Found a staircase to the Ecumenical Temple.
  9543 | D:6      | Reached skill level 1 in Fighting
  9738 | D:6      | Reached XP level 9. HP: 64/64 MP: 12/12
  9889 | Temple   | Entered the Ecumenical Temple
  9982 | Temple   | Became a worshipper of Gozag Ym Sagoz the Greedy
 10489 | D:4      | Found Fat Voco's Book Emporium.
 10770 | D:4      | Killed Natasha
 10771 | D:4      | Reached skill level 2 in Fighting
 10778 | D:4      | Found Deko's Armour Boutique.
 10806 | D:4      | Noticed Natasha
 10831 | D:4      | Killed Natasha
 10978 | D:4      | Found Tatesumo's Antique Weapon Boutique.
 10993 | D:4      | Found Ykla's Armour Boutique.
 11055 | D:4      | Found Juig's Weapon Emporium.
 11630 | D:7      | Found Becku's Overcharged Wands.
 11823 | D:7      | Found a flagged portal.
 11974 | Bailey   | Entered a bailey
 12437 | Bailey   | Reached skill level 5 in Dodging
 12446 | Bailey   | HP: 3/68 [orc/+0 halberd (1)]
 13067 | D:7      | You fall into a shaft and drop 2 floors!
 13074 | D:9      | Reached skill level 3 in Fighting
 13575 | D:8      | Found a shimmering blue altar of Sif Muna.
 13711 | D:8      | Noticed a two-headed ogre
 13758 | D:8      | Killed a two-headed ogre
 13759 | D:8      | Reached skill level 4 in Fighting
 13759 | D:8      | Reached skill level 5 in Maces & Flails
 13759 | D:8      | Reached skill level 5 in Armour
 14095 | D:8      | Reached XP level 10. HP: 80/80 MP: 13/13
 14712 | D:8      | Reached skill level 5 in Fighting
 15757 | D:9      | Noticed Erica
 16044 | D:10     | Entered Level 10 of the Dungeon
 16123 | D:10     | Reached skill level 6 in Fighting
 16597 | D:10     | Noticed a two-headed ogre
 16626 | D:10     | Killed a two-headed ogre
 16861 | D:10     | Noticed Maurice
 16887 | D:10     | Killed Maurice
 17825 | D:10     | Acquired the +0 pair of boots of Tempters {rC+ rN+ Dex+4}
 17914 | D:10     | Reached XP level 11. HP: 23/91 MP: 1/14
 18667 | D:4      | Bought the +4 skin of Zhor {*Englaciate rC+++ SInv} for 798
                  | gold pieces
 18667 | D:4      | Found the +4 skin of Zhor {*Englaciate rC+++ SInv}
 18868 | D:10     | Reached skill level 7 in Fighting
 18933 | D:10     | Noticed Josephine
 18999 | D:11     | Noticed a two-headed ogre
 18999 | D:11     | Found a staircase to the Lair.
 19071 | D:11     | Noticed a two-headed ogre
 19118 | D:10     | Killed a two-headed ogre
 19279 | D:11     | Noticed a cyclops
 19301 | D:11     | Killed a cyclops
 20142 | Lair:1   | Entered Level 1 of the Lair of Beasts
 20229 | D:12     | Noticed a deep elf pyromancer
 20538 | D:11     | Killed a two-headed ogre
 20955 | Lair:1   | Noticed Joseph
 20974 | D:11     | Reached skill level 8 in Fighting
 21664 | D:11     | Found a staircase to the Orcish Mines.
 21895 | D:11     | Noticed a four-headed hydra
 21918 | D:11     | Killed a four-headed hydra
 22473 | Lair:1   | Killed Joseph
 22474 | Lair:1   | Reached XP level 12. HP: 68/103 MP: 15/15
 22647 | Lair:1   | Noticed Grum
 22919 | Lair:1   | Killed Grum
 22995 | Lair:1   | Noticed a five-headed hydra
 23207 | Lair:1   | Killed a five-headed hydra
 23482 | D:11     | Reached skill level 9 in Fighting
 24230 | Lair:1   | Noticed Nergalle
 24241 | Lair:1   | Noticed an ice dragon
 24263 | Lair:1   | HP: 1/104 [wolf (8)]
 24264 | Lair:1   | Slain by a wolf

Illustrated notes

Levels and vault maps discovered:
D:1:      lemuel_arrival_room, layout_loops_corners
D:2:      layout_basic, hellmonk_ecumenical_altar_crossroads, minivault_27,
          uniq_terence, uniq_jessica
D:3:      due_chaos_kobolds, layout_loops_corners, kennysheep_another_room,
          minmay_misc_feat_room, kennysheep_potato
D:4:      layout_basic, serial_shops, shop, nicolae_shop_crystal,
          nicolae_shop_window_shopping, shop_coins, nicolae_take_the_stairs,
          minmay_between, uniq_natasha
D:5:      layout_rooms, minmay_misc_feat_chi, roderic_batcave
D:6:      layout_loops_ring, temple_doors_cd, minmay_misc_feat_cross
D:7:      layout_loops_ring, enter_bailey_5, st_stairs_14,
          nicolae_shop_overcharged_wands
D:8:      layout_cave_pods, mainiacjoe_overflow_chevrons
D:9:      kennysheep_six_static_rooms, layout_irregular_city, uniq_erica
D:10:     layout_loops_ring, minmay_lizard_king, uniq_maurice, uniq_josephine
D:11:     layout_big_octagon, minmay_orc_entry_guard_dogs
D:12:     minmay_cut_squares, layout_irregular_city, hangedman_stone_soup
Temple:   kilobyte_greek_temple
Lair:1:   dragon1_lemuel, layout_misc_corridors, grunt_megastairs_5,
          uniq_nergalle, uniq_joseph, uniq_grum

Skill      XL: |  1  2  3  4  5  6  7  8  9 10 11 12 |
---------------+-------------------------------------+-----
Earth Magic    | 4 5 6 7 |  7.1
Spellcasting   | 2 3 |  3.3
Conjurations   | 1 2 |  2.5
Dodging        | 2 4 5 7 8 |  8.9
Maces & Flails | 1 3 5 6 8 |  8.6
Armour         | 1 3 5 6 8 |  8.6
Fighting       | 1 4 6 8 9 |  9.2
Stealth        | |  2.1
Transmutations | |  0.8

Action                   |  1- 3 |  4- 6 |  7- 9 | 10-12 || total
-------------------------+-------+-------+-------+-------++-------
Melee: Unarmed           |   158 |   265 |       |       ||   423
       Punch             |     3 |     7 |     9 |     7 ||    26
       Rapier            |       |    51 |   376 |   397 ||   824
       Dagger            |       |       |   206 |   441 ||   647
       Flail             |       |       |    30 |   110 ||   140
 Cast: Sandblast         |     4 |    56 |    12 |    23 ||    95
       Stone Arrow       |       |       |       |     7 ||     7
Evoke: Wand              |       |       |     4 |     4 ||     8
  Use: Scroll            |       |       |     6 |     4 ||    10
       Potion            |       |       |     1 |     4 ||     5
 Stab: Sleeping          |     3 |     4 |     2 |       ||     9
Armor: Robe              |    30 |   101 |     4 |       ||   135
       Ring mail         |       |       |   411 |   220 ||   631
       Plate armour      |       |       |    14 |       ||    14
       Animal skin       |       |       |       |   244 ||   244
Dodge: Dodged            |   103 |   238 |   433 |   700 ||  1474
Block: Buckler           |       |       |       |    80 ||    80

Table legend: (Time is in decaauts)
 A = Elapsed time spent in this place.
 B = Non-inter-level travel time spent in this place.
 C = Inter-level travel time spent in this place.
 D = Time resting spent in this place.
 E = Time spent auto-exploring this place.
 F = Levels seen in this place.
 G = Mean time per level.
                   A        B        C        D        E       F      G
               +--------+--------+--------+--------+--------+-----+--------+
         Total |  24629 |  23756 |    873 |   7596 |  10297 |  15 | 1641.9 |
       Dungeon |  22887 |  22025 |    862 |   7146 |   9592 |  12 | 1907.2 |
        Temple |    123 |    112 |     11 |      0 |     89 |   1 |  123.0 |
          Lair |    784 |    784 |      0 |     15 |    406 |   1 |  784.0 |
        Bailey |    833 |    833 |      0 |    435 |    210 |   1 |  833.0 |
               +--------+--------+--------+--------+--------+-----+--------+

Top non-repeatable levels by time:
    D:11: 3909 daAuts
    D:10: 3409 daAuts
     D:3: 3159 daAuts
     D:4: 2241 daAuts
     D:1: 1760 daAuts
     D:5: 1722 daAuts
     D:2: 1680 daAuts
     D:8: 1462 daAuts
     D:9: 1306 daAuts
     D:6: 1164 daAuts
     D:7: 1022 daAuts
  Bailey: 833 daAuts
  Lair:1: 784 daAuts
  Temple: 123 daAuts
    D:12: 47 daAuts
